 Dungeon Crawl Stone Soup version 0.27-a0-1081-ge8a0a9c698 (webtiles) character file.

Game seed: 2495340392741775371

469 robertstho the Magician (level 7, -6/45 HPs)
             Began as a Djinni Fire Elementalist on Apr 25, 2021.
             Mangled by an ogre
             ... wielding a +0 giant club
              (26 damage)
             ... on level 5 of the Dungeon.
             The game lasted 00:06:46 (4492 turns).

robertstho the Magician (Djinni Fire Elementalist)  Turns: 4492, Time: 00:06:46

Health: -6/45      AC:  5    Str:  7    XL:     7   Next: 9%
Gold:   30         EV: 12    Int: 18    God:
                   SH:  0    Dex: 14

rFire    + + .     SeeInvis .   g - +0 war axe
rCold    x . .     Faith    .   (no shield)
rNeg     . . .     Spirit   .   a - +0 robe
rPois    ∞         Reflect  .   r - +0 helmet
rElec    .         Harm     .   c - +1 cloak
rCorr    +         Rampage  .   (no gloves)
Will     .....                  (boots unavailable)
Stlth    ++........             (no amulet)
HPRegen  0.15/turn              d - ring of resist corrosion
MPRegen  0.00/turn              (no ring)

@: flying
A: fire resistance 2, cold vulnerability 1, float, innate caster, hp casting,
extra vitality 1
a: no special abilities


You were on level 5 of the Dungeon.
You visited 1 branch of the dungeon, and saw 5 of its levels.

You collected 161 gold pieces.
You spent 131 gold pieces at shops.

Inventory:

Hand Weapons
 g - a +0 war axe (weapon)
 i - a +0 dagger
Armour
 a - a +0 robe (worn)
 c - a +1 cloak (worn)
 r - a +0 helmet (worn)
Jewellery
 d - a ring of resist corrosion (left hand)
 s - an amulet of the acrobat
Wands
 h - a wand of iceblast (2)
 o - a wand of flame (18)
Scrolls
 e - 3 scrolls of teleportation
 j - a scroll of immolation
 k - a scroll of summoning {unknown}
 q - a scroll of holy word {unknown}
Potions
 b - 4 potions of haste
 f - 4 potions of curing
 l - 2 potions of resistance
 m - a potion of mutation {unknown}
 n - 2 potions of degeneration {unknown}
 p - a potion of ambrosia


   Skills:
 + Level 0.1 Fighting
 + Level 2.6 Dodging
 + Level 2.0 Stealth
 * Level 6.3 Spellcasting


You couldn't memorise any spells.
You knew the following spells:

 Your Spells              Type           Power      Damage    Failure   Level
a - Foxfire               Conj/Fire      100%       2x1d9     1%          1
b - Conjure Flame         Conj/Fire      28%        6-21      2%          3
c - Inner Flame           Hex/Fire       28%        N/A       2%          3
d - Sticky Flame          Conj/Fire      28%        2d5       9%          4
e - Fireball              Conj/Fire      14%        3d8       24%         5
f - Corona                Hex            31%        N/A       1%          1
g - Call Imp              Summ           28%        N/A       1%          2
h - Poisonous Vapours     Pois/Air       56%        N/A       1%          2
Your spell library was empty.

Dungeon Overview and Level Annotations

Branches:
Dungeon (5/15)
 Temple: D:4-7

Altars:

Shops:
D:1 *


Innate Abilities, Weirdness & Mutations

You are immune to poison.
Your flesh is very heat resistant. (rF++)
You are vulnerable to cold. (rC-)
You float through the air rather than walking.
You learn spells naturally, not from books.
Your magical power is your life essence.
You have superior vitality. (+4 HP)


Message History

An ogre comes into view. It is wielding a +0 giant club.
An ogre is nearby!
An ogre is nearby!
An ogre is nearby!
Casting: Foxfire (safe; 1% risk of failure)
Confirm with . or Enter, or press ? or * to list all spells.
You conjure some foxfire!
Casting: Foxfire (safe; 1% risk of failure)
Confirm with . or Enter, or press ? or * to list all spells.
You conjure some foxfire!
The foxfire hits the ogre.
The ogre is lightly wounded.
The ogre shouts!
Casting: Foxfire (safe; 1% risk of failure)
Confirm with . or Enter, or press ? or * to list all spells.
You conjure some foxfire!
Your foxfire dissipates!
Casting: Foxfire (safe; 1% risk of failure)
Confirm with . or Enter, or press ? or * to list all spells.
You conjure some foxfire!
The foxfire hits the ogre.
The ogre is moderately wounded.
The foxfire hits the ogre.
The ogre is heavily wounded.
The foxfire hits the ogre.
The ogre is severely wounded.
The foxfire hits the ogre but does no damage.
The ogre is severely wounded.
Casting: Foxfire (safe; 1% risk of failure)
Confirm with . or Enter, or press ? or * to list all spells.
You conjure some foxfire!
The ogre hits you with a +0 giant club!!
The foxfire hits the ogre.
The ogre is severely wounded.
The foxfire hits the ogre.
The ogre is almost dead.
Casting: Foxfire (safe; 1% risk of failure)
Confirm with . or Enter, or press ? or * to list all spells.
You conjure some foxfire!
The ogre hits you with a +0 giant club!!
Ouch! That really hurt!
You die...

## ##. ... #
#.#########....
#.........#
##....####.##
#.<##.#### .# .
#.#.....§§#.#....
###.##.##@v......
#.##.##Ov.#...(
#.##.##.#......
#.##.##.......#
#.##.###.###..#
#..... .. ... #.#
.# #. .#


You could see an ogre (ally target).

Vanquished Creatures
  Menkaure (D:4)
  An ogre (D:2)
  A water moccasin skeleton (D:4)
  2 hounds (D:4)
  An iguana (D:3)
  Robin (D:4)
  4 adders
  A worm (D:3)
  2 dart slugs (D:3)
  6 orcs
  4 ball pythons
  3 bats
  4 endoplasms
  A giant cockroach (D:3)
  12 goblins
  13 hobgoblins
  4 jackals (D:2)
  3 quokkas
  5 frilled lizards
  3 kobolds (D:2)
  6 rats
78 creatures vanquished.

Vanquished Creatures (others)
  269 foxfires
269 creatures vanquished.

Grand Total: 347 creatures vanquished

Notes
Turn   | Place    | Note
-------+----------+-------------------------------------------
     0 | D:1      | robertstho the Djinni Fire Elementalist began the quest for
                  | the Orb.
     0 | D:1      | Reached XP level 1. HP: 15/15 MP: 0/0
   164 | D:1      | Found a faded altar of an unknown god.
   246 | D:1      | Reached skill level 3 in Spellcasting
   252 | D:1      | Reached XP level 2. HP: 9/21 MP: 0/0
   704 | D:1      | Found Mobruakh's Assorted Antiques.
  1327 | D:2      | Reached XP level 3. HP: 24/25 MP: 0/0
  1327 | D:2      | Learned a level 1 spell: Corona
  1401 | D:2      | Noticed an ogre
  1409 | D:2      | Killed an ogre
  1410 | D:2      | Reached skill level 4 in Spellcasting
  1410 | D:2      | Reached XP level 4. HP: 27/31 MP: 0/0
  1489 | D:2      | Reached XP level 5. HP: 26/35 MP: 0/0
  1489 | D:2      | Learned a level 2 spell: Call Imp
  2408 | D:3      | Reached skill level 5 in Spellcasting
  3188 | D:4      | Reached XP level 6. HP: 36/40 MP: 0/0
  3233 | D:1      | Bought a dented jasper amulet for 95 gold pieces
  3233 | D:1      | Bought a scroll labelled EDDEOR PIEDUSEWK for 19 gold
                  | pieces
  3233 | D:1      | Bought a lumpy orange potion for 17 gold pieces
  3263 | D:4      | Noticed Robin
  3553 | D:4      | Killed Robin
  3699 | D:4      | Noticed Menkaure
  3703 | D:4      | Killed Menkaure
  3704 | D:4      | Reached skill level 6 in Spellcasting
  3964 | D:4      | Reached XP level 7. HP: 40/45 MP: 0/0
  3964 | D:4      | Learned a level 2 spell: Poisonous Vapours
  4469 | D:5      | Entered Level 5 of the Dungeon
  4492 | D:5      | Mangled by an ogre

Illustrated notes

Levels and vault maps discovered:
D:1:      onia_arrival_mini_spirals, layout_rooms,
          hellmonk_ecumenical_altar_zigzags, serial_shops,
          nicolae_shop_behind_doors
D:2:      layout_loops_ring
D:3:      layout_rooms, portal_sewer_entry_e, minivault_11,
          minmay_quadrilaterals
D:4:      layout_loops_corners, st_stairs_5, uniq_menkaure, uniq_robin
D:5:      layout_loops_ring, minitemple, uniq_ijyb

Skill      XL: |  1  2  3  4  5  6 |
---------------+-------------------+-----
Spellcasting   | 3 4 5 6 |  6.3
Stealth        | 2 |  2.0
Fighting       | |  0.1
Dodging        | |  2.6

Action                   |  1- 3 |  4- 6 |  7- 9 || total
-------------------------+-------+-------+-------++-------
Melee: War axe           |       |     2 |       ||     2
 Cast: Foxfire           |    49 |   107 |    16 ||   172
       Sticky Flame      |       |     2 |       ||     2
  Use: Scroll            |       |     9 |       ||     9
Armor: Robe              |     5 |     4 |       ||     9
Dodge: Dodged            |     9 |    16 |       ||    25

Table legend: (Time is in decaauts)
 A = Elapsed time spent in this place.
 B = Non-inter-level travel time spent in this place.
 C = Inter-level travel time spent in this place.
 D = Time resting spent in this place.
 E = Time spent auto-exploring this place.
 F = Levels seen in this place.
 G = Mean time per level.
                   A        B        C        D        E       F      G
               +--------+--------+--------+--------+--------+-----+--------+
         Total |   4495 |   4252 |    243 |    392 |   3391 |   5 |  899.0 |
       Dungeon |   4495 |   4252 |    243 |    392 |   3391 |   5 |  899.0 |
               +--------+--------+--------+--------+--------+-----+--------+

Top non-repeatable levels by time:
     D:2: 1183 daAuts
     D:4: 1166 daAuts
     D:3: 1150 daAuts
     D:1: 972 daAuts
     D:5: 22 daAuts
